 Dungeon Crawl Stone Soup version 0.26.0-10-g1f06aea511 (webtiles) character file.

Game seed: 14666914456324992362

144 Goblin1989 the Sneak (level 5, -9/41 HPs)
             Began as a Demonspawn Delver on Jan 17, 2021.
             Mangled by an ogre
             ... wielding a +0 giant club
              (10 damage)
             ... on level 5 of the Dungeon.
             The game lasted 00:06:02 (1069 turns).

Goblin1989 the Sneak (Demonspawn Delver)            Turns: 1069, Time: 00:06:03

Health: -9/41      AC:  3    Str: 13    XL:     5   Next: 5%
Magic:  5/5        EV: 12    Int: 11    God:
Gold:   22         SH:  0    Dex: 15    Spells: 4/4 levels left

rFire    . . .     SeeInvis .     - Unarmed
rCold    . . .     Faith    .   (no shield)
rNeg     . . .     Spirit   .   b - +0 leather armour
rPois    .         Reflect  .   (no helmet)
rElec    .         Harm     .   (no cloak)
rCorr    .         Rampage  .   (no gloves)
Will     .....                  (no boots)
Stlth    +++.......             (no amulet)
HPRegen  0.13/turn              (no ring)
MPRegen  0.09/turn              (no ring)

@: attractive
A: claws 2
a: no special abilities


You were on level 5 of the Dungeon.
You visited 1 branch of the dungeon, and saw 3 of its levels.

You collected 22 gold pieces.

Inventory:

Hand Weapons
 a - a +0 short sword
Missiles
 P - 20 stones (quivered) {@Q3}
Armour
 b - a +0 leather armour (worn)
Jewellery
 R - an uncursed amulet of reflection {unknown}
Wands
 g - a wand of digging (3) {@v1}
Scrolls
 c - a scroll of fog
 e - a scroll of fear
 M - 2 scrolls of magic mapping
 N - 2 scrolls of remove curse {unknown}
 Q - 2 scrolls of identify {unknown}
Potions
 f - 2 potions of haste {@q3,}


   Skills:
 - Level 3.0 Fighting
 - Level 3.0 Short Blades
 - Level 1.7 Dodging
 + Level 5.4 Stealth
 + Level 2.3 Unarmed Combat


You had 4 spell levels left.
You didn't know any spells.
Your spell library was empty.

Dungeon Overview and Level Annotations

Branches:
Dungeon (6/15)
 Temple: D:4-7

Altars:
Elyvilon
Vehumet
Xom

Shops:
D:5 :

Annotations:
D:6 exclusion: bullfrog, Grinder


Innate Abilities, Weirdness & Mutations

You have very sharp fingernails.


Message History

The centaur zombie hits you.
* * * LOW HITPOINT WARNING * * *
You take 5 damage, and have 12/29 hp.
You scratch the centaur zombie.
The centaur zombie is severely damaged.
The centaur zombie hits you.
* * * LOW HITPOINT WARNING * * *
You take 1 damage, and have 11/29 hp.
You scratch the centaur zombie.
The centaur zombie is almost destroyed.
The centaur zombie hits you.
* * * LOW HITPOINT WARNING * * *
The centaur zombie barely misses you.
You take 5 damage, and have 6/29 hp.
You scratch the centaur zombie.
You destroy the centaur zombie!
Your Stealth skill increases to level 5!
Your Unarmed Combat skill increases to level 1!
Unknown command.
You start resting.
HP restored.
Health restored: 29
P - 19 stones {@Q3} (gained 1)
P - 20 stones {@Q3} (gained 1)
R - a thin beryl amulet
There is an entrance to Meratesu's Book Shop here.
You scratch the necrophage.
The necrophage is moderately damaged.
The necrophage barely misses you.
You scratch the necrophage.
The necrophage is moderately damaged.
The necrophage barely misses you.
You scratch the necrophage.
The necrophage is heavily damaged.
The necrophage hits you.
You take 1 damage, and have 28/29 hp.
You claw the necrophage!
The necrophage is severely damaged.
The necrophage hits you but does no damage.
Health restored: 29 You completely miss the necrophage.
The necrophage is severely damaged.
The necrophage hits you.
You feel drained.
You take 3 damage, and have 26/28 hp.
You barely miss the necrophage.
The necrophage is severely damaged.
The necrophage hits you but does no damage.
You barely miss the necrophage.
The necrophage is severely damaged.
The necrophage hits you.
You feel drained.
You take 3 damage, and have 23/27 hp.
You barely miss the necrophage.
The necrophage is severely damaged.
The necrophage closely misses you.
You scratch the necrophage.
The necrophage is almost destroyed.
The necrophage hits you but does no damage.
You scratch the necrophage.
You destroy the necrophage!
Your life force feels restored.
Training target 3.0 for Short Blades reached!
Your Short Blades skill increases to level 3!
Your Unarmed Combat skill increases to level 2!
You have reached level 4!
You feel agile.
You have reached level 5!
You regained 10 hp, and now have 33/41 hp.
MP restored: 5 Unknown command.
M - 2 scrolls of magic mapping (gained 1)
There is an entrance to Meratesu's Book Shop here.
Found two stone staircases leading up.
Found a stone staircase leading down.
An ogre comes into view. It is wielding a +0 giant club.
The ogre shouts!
Found a battleaxe.
A worker ant comes into view.
It was a potion of attraction.
You feel attractive to monsters. The ogre is pulled toward you!
You claw the ogre!
The ogre is moderately wounded.
The ogre closely misses you.
You claw the ogre!
The ogre is heavily wounded.
The ogre hits you with a +0 giant club!!
Ouch! That really hurt!
* * * LOW HITPOINT WARNING * * *
You take 23 damage, and have 15/41 hp.
MASSIVE DAMAGE!!
You scratch the ogre.
The ogre is severely wounded.
You barely miss the ogre.
The ogre is severely wounded.
The ogre hits you with a +0 giant club!
* * * LOW HITPOINT WARNING * * *
You take 15 damage, and have 1/41 hp.
MASSIVE DAMAGE!!
You closely miss the ogre.
The ogre is severely wounded.
The ogre hits you with a +0 giant club!
You die... .....██ ....█ ......███ ██████

.... ........███.....
.....
............█████.....
.......⌂...........█
█...........██<.██.█
.....Ψ....████.....███
..........███..█.....█
)█.⌂.......█..██@███.█
.............███O██ .
...........████...█
███......█..██..█.█
██..████.██.......█
....█ █.....██.∩.█ ██.
....█ █...█......█
██...
....██...████...█.█
.█..... ....██.███
██....█ .......


You could see an ogre.

Vanquished Creatures
  A necrophage (D:5)
  A centaur zombie (D:5)
  3 adders (D:5)
  A quokka (D:5)
  A frilled lizard (D:5)
  A quokka zombie (D:5)
8 creatures vanquished.

Notes
Turn   | Place    | Note
-------+----------+-------------------------------------------
     0 | D:5      | Goblin1989 the Demonspawn Delver began the quest for the
                  | Orb.
     0 | D:5      | Reached XP level 1. HP: 18/18 MP: 1/1
    17 | D:6      | Noticed a bullfrog
    18 | D:6      | Noticed Grinder
    47 | D:5      | Gained mutation: You have sharp fingernails. [demonic
                  | ancestry]
    47 | D:5      | Reached XP level 2. HP: 10/24 MP: 2/2
   578 | D:5      | Found a radiant altar of Vehumet.
   579 | D:5      | Found a white marble altar of Elyvilon.
   614 | D:4      | Noticed an ogre
   618 | D:4      | Noticed a howler monkey
   639 | D:5      | Gained mutation: You have very sharp fingernails. [demonic
                  | ancestry]
   639 | D:5      | Reached XP level 3. HP: 29/29 MP: 3/3
   641 | D:5      | Found Meratesu's Book Shop.
   642 | D:5      | Noticed a necrophage
   748 | D:5      | Reached skill level 5 in Stealth
   748 | D:5      | Reached skill level 1 in Unarmed Combat
  1023 | D:5      | Killed a necrophage
  1024 | D:5      | Reached XP level 4. HP: 28/35 MP: 4/4
  1024 | D:5      | Reached XP level 5. HP: 33/41 MP: 5/5
  1044 | D:5      | Noticed an ogre
  1068 | D:5      | HP: 1/41 [ogre/+0 giant club (15)]
  1069 | D:5      | Mangled by an ogre

Illustrated notes

Levels and vault maps discovered:
D:4:      layout_gridville, gammafunk_ghost_necromancy, serial_shops, shop,
          uniq_robin, uniq_edmund
D:5:      layout_rooms, grunt_temple_overflow_open, portal_sewer_entry_b,
          serial_shops, nicolae_shop_stone, basic_altar, xom_confusion_cloud
D:6:      layout_rooms, kennysheep_mini_moat, uniq_grinder, uniq_duvessa,
          uniq_maggie

Skill      XL: |  1  2  3 |
---------------+----------+-----
Short Blades   | 2 3 |  3.0
Stealth        | 5 |  5.4
Unarmed Combat | 2 |  2.3
Fighting       | |  3.0
Dodging        | |  1.7

Action                   |  1- 3 |  4- 6 || total
-------------------------+-------+-------++-------
Melee: Short sword       |    49 |       ||    49
       Unarmed           |    16 |     5 ||    21
Throw: Stone             |     3 |       ||     3
  Use: Potion            |       |     1 ||     1
 Stab: Sleeping          |     1 |       ||     1
Armor: Leather armour    |    12 |       ||    12
Dodge: Dodged            |    37 |     1 ||    38
